Map: Acropolis LE

Players

Harstem - Winner!

  • Race: Protoss Protoss
  • Spawn Location: 5:00

Lambo

  • Race: Zerg Zerg
  • Spawn Location: 11:00

Event: 2019 WCS Summer

VOD

Have the link to the VOD?

Description

Time

  • Played on: July 13, 2019, 6:23 a.m.
  • Length: 8:16

All games in this series

Show
View Real Time Build Order
Export as new Build Order

Harstem Protoss - Winner!

Build Orders: 1 Gate Expand, Zealot Archon, Archon Drop, Dark Templar Rush 

Get SALT Encoding   

  12  0:00  Probe  
  13  0:13  Probe  
  14  0:22  Pylon  
  14  0:25  Probe  
  15  0:30  Assimilator  
  15  0:36  Probe  
  16  0:44  Probe  
  16  0:47  Gateway  
  17  0:54  Probe  
  18  1:06  Probe  
  19  1:18  Probe  
  19  1:25  Nexus  
  20  1:34  Cybernetics Core  
  20  1:37  Probe  
  21  1:42  Assimilator  
  21  1:49  Probe  
  21  1:51  Pylon  
  22  2:00  Adept  
  22  2:01  Probe  
  23  2:12  Warp Gate  
  23  2:13  Probe  
  26  2:19  Twilight Council  
  26  2:20  Stalker  
  26  2:25  Probe  
  27  2:33  Probe  
  30  2:37  Probe  
  30  2:42  Probe  
  31  2:45  Robotics Facility  
  31  2:50  Probe  
  33  2:53  Probe  
  34  3:02  Probe  
  34  3:05  Probe  
  36  3:09  Dark Shrine  
  36  3:14  Probe  
  36  3:17  Gateway  
  38  3:24  Warp Prism  
  38  3:28  Probe  
  38  3:30  Gateway  
  38  3:31  Gateway  
  38  3:38  Probe  
  38  3:40  Probe  
  42  3:44  Assimilator  
  42  3:48  Assimilator  
  42  3:50  Probe  
  42  3:52  Probe  
  42  3:54  Pylon  
  44  3:56  Pylon  
  45  4:04  Probe  
  45  4:05  Probe  
  46  4:16  Probe  
  47  4:18  Probe  
  48  4:26  Dark Templar  
  48  4:27  Dark Templar x3  
  48  4:28  Probe  
  48  4:30  Pylon  
  48  4:31  Archon  
  57  4:36  Archon  
  57  4:39  Observer, Probe  
  57  4:42  Forge  
  59  4:46  Pylon  
  59  4:47  Probe  
  60  4:57  Immortal  
  60  5:10  Nexus  
  64  5:17  Gateway  
  64  5:19  Gateway  
  64  5:23  Charge, Sentry x2  
  68  5:29  Immortal  
  68  5:30  Protoss Ground Weapons Level 1  
  68  5:32  Probe  
  68  5:34  Probe  
  74  5:44  Probe  
  74  5:47  Probe  
  76  5:56  Probe  
  77  5:59  Gateway x2  
  77  6:00  Pylon  
  78  6:04  Pylon  
  78  6:06  Pylon  
  78  6:08  Immortal  
  77  6:18  Probe  
  82  6:19  Probe  
  82  6:21  Sentry x2  
  82  6:23  Sentry x2, Zealot x2  
  82  6:25  Probe  
  96  6:30  Probe  
  96  6:31  Probe, Pylon  
  98  6:42  Probe  
  98  6:43  Pylon  
  100  6:48  Zealot x4  
  100  6:49  Sentry  
  100  6:50  Sentry  
  100  6:54  Probe x2  
  112  7:00  Pylon  
  113  7:08  Dark Templar x2  
  115  7:12  Zealot x3  
  115  7:13  Zealot  
  115  7:14  Zealot x2  
  129  7:31  Probe x2  
  129  7:32  Probe, Zealot x2  
  120  7:38  Zealot, Dark Templar x3  
  120  7:43  Probe x2  
  130  7:45  Archon  
  130  7:46  Zealot x2  
  126  7:56  Probe x3  
  121  8:01  Zealot x3  
  113  8:06  Zealot x2  
  104  8:13  Assimilator  
Show
View Real Time Build Order
Export as new Build Order

Lambo Zerg 

Build Orders: Hatch First 

Get SALT Encoding   

  12  0:00  Drone  
  13  0:12  Overlord  
  13  0:16  Drone  
  14  0:31  Drone x2  
  16  0:48  Hatchery  
  15  0:51  Drone  
  15  0:54  Drone  
  17  0:57  Drone  
  18  1:08  Extractor  
  17  1:13  Spawning Pool  
  17  1:15  Drone  
  17  1:19  Drone  
  18  1:28  Drone  
  19  1:38  Drone  
  20  1:51  Drone  
  21  2:00  Queen x2  
  26  2:01  Zergling x2, Overlord  
  26  2:10  Drone  
  26  2:12  Drone  
  26  2:14  Metabolic Boost  
  28  2:22  Drone x2  
  30  2:32  Hatchery  
  30  2:35  Drone  
  30  2:37  Drone  
  31  2:44  Drone  
  31  2:45  Zergling x2  
  31  2:48  Queen  
  35  2:54  Overlord  
  35  2:59  Drone  
  36  3:13  Drone  
  36  3:14  Drone x7  
  44  3:22  Overlord  
  44  3:29  Lair  
  44  3:39  Queen  
  46  3:41  Zergling x4  
  46  3:42  Zergling x2, Drone x2  
  46  3:43  Drone  
  46  3:46  Drone x2  
  54  3:50  Extractor  
  54  3:51  Drone, Extractor  
  54  3:54  Overlord  
  53  3:57  Drone  
  53  3:59  Drone x3  
  53  4:00  Drone  
  58  4:08  Overlord  
  58  4:14  Drone x2  
  60  4:17  Zergling x4  
  60  4:19  Zergling x6  
  60  4:23  Zergling x2  
  66  4:27  Overlord  
  66  4:28  Overseer  
  66  4:29  Hydralisk Den  
  66  4:30  Overlord  
  65  4:31  Zergling x4  
  65  4:33  Queen x2  
  65  4:37  Overseer  
  70  4:39  Zergling x6  
  73  4:47  Drone  
  73  4:49  Drone x3  
  73  4:51  Drone x2  
  79  4:53  Drone x4  
  79  4:56  Overlord  
  79  4:59  Overlord  
  83  5:06  Drone x2  
  81  5:09  Muscular Augments, Overlord  
  81  5:15  Hydralisk x2, Overlord  
  85  5:22  Hydralisk x2  
  85  5:27  Hydralisk  
  91  5:29  Drone  
  91  5:32  Hydralisk  
  94  5:37  Extractor  
  94  5:38  Extractor  
  94  5:39  Evolution Chamber  
  94  5:40  Hydralisk x4  
  99  5:44  Drone x5  
  99  5:49  Drone x2  
  106  5:54  Overlord  
  107  6:03  Baneling Nest  
  108  6:07  Overlord  
  108  6:09  Zerg Missile Weapons Level 1  
  108  6:11  Extractor  
  107  6:12  Overlord  
  107  6:14  Hatchery  
  107  6:15  Overlord  
  107  6:17  Overlord  
  106  6:21  Drone  
  106  6:23  Grooved Spines  
  106  6:24  Drone x5  
  106  6:25  Drone  
  109  6:26  Hydralisk  
  109  6:30  Hydralisk x3  
  117  6:34  Hydralisk x2  
  117  6:38  Drone  
  117  6:39  Hydralisk  
  121  6:40  Hydralisk  
  121  6:43  Overlord  
  121  6:44  Hydralisk  
  127  6:50  Zergling x6  
  127  6:53  Centrifical Hooks  
  130  6:55  Baneling x3  
  130  6:56  Zergling x6  
  130  6:57  Zergling x2  
  130  6:58  Baneling x2  
  130  7:01  Zergling x6  
  136  7:07  Hydralisk x2  
  136  7:08  Hydralisk  
  142  7:17  Baneling x6  
  142  7:18  Zergling x2  
  137  7:24  Hydralisk x2  
  137  7:25  Zergling x4  
  137  7:27  Hydralisk  
  137  7:28  Zergling x8  
  143  7:30  Overlord  
  143  7:31  Zergling x6  
  134  7:38  Hydralisk x2  
  134  7:39  Zergling x2  
  134  7:40  Hydralisk  
  134  7:44  Overseer  
  139  7:48  Hydralisk  
  139  7:49  Zergling x4  
  127  7:53  Zergling x2  
  127  7:55  Zergling x2  
  127  7:57  Zergling x4  
Tags
 
Add a new tag
Caveats
  • Supply blocks, unpowered buildings, or Contaminate may cause inaccurate times.
  • Supply counts are checked every 10 seconds.